 Dungeon Crawl Stone Soup version 0.30-a0-54-g2e61a25929 (webtiles) character file.

Game seed: 5608129454550005619

54 Newt the Trooper (level 3, -2/29 HPs)
             Began as a Demonspawn Gladiator on Sept 7, 2022.
             Slain by a goblin
             ... wielding a +4 morningstar
             ... led by Robin
              (14 damage)
             ... on level 2 of the Dungeon.
             The game lasted 00:00:59 (1361 turns).

Newt the Trooper (Demonspawn Gladiator)             Turns: 1361, Time: 00:00:59

Health: -2/29      AC:  4    Str: 16    XL:     3   Next: 66%
Magic:  3/3        EV: 13    Int:  9    God:
Gold:   73         SH:  0    Dex: 20    Spells: 2/2 levels left

rFire   . . .      SeeInvis .    j - +2 whip (venom)
rCold   . . .      Faith    .    (no shield)
rNeg    . . .      Spirit   .    b - +0 leather armour
rPois   .          Reflect  .    (helmet restricted)
rElec   .          Harm     .    (no cloak)
rCorr   .          Rampage  .    (no gloves)
Will    .....                    (no boots)
Stlth   ++........               (no amulet)
HPRegen 0.09/turn                i - +6 ring of dexterity
MPRegen 0.08/turn                (no ring)

@: weak-willed
A: horns 1, sharp scales 1
a: no special abilities


You were on level 2 of the Dungeon.
You visited 1 branch of the dungeon, and saw 2 of its levels.

You collected 73 gold pieces.

Inventory:

Hand Weapons
 a - a +0 rapier
 j - a +2 whip of venom (weapon)
Missiles
 d - 3 throwing nets (quivered)
 e - a javelin
Armour
 b - a +0 leather armour (worn)
 c - a +0 helmet
Jewellery
 i - a +6 ring of dexterity (left hand)
Scrolls
 h - a scroll of vulnerability
Potions
 f - 5 potions of curing {unknown}
 k - a potion of cancellation {unknown}


   Skills:
 + Level 3.4 Fighting
 - Level 2.6 Short Blades
 - Level 1.7 Throwing
 - Level 2.6 Dodging
 - Level 2.0 Stealth


You had 2 spell levels left.
You didn't know any spells.
Your spell library contained the following spells:

 Spells                   Type           Power      Damage    Failure   Level
 Ozocubu's Armour         Ice            0%         N/A       83%         3
 Metabolic Englaciation   Hex/Ice        0%         N/A       100%        5
 Simulacrum               Ice/Necr       0%         N/A       100%        6


Dungeon Overview and Level Annotations

Branches:
Dungeon (2/15)

Altars:

Annotations:
D:2 Robin


Innate Abilities, Weirdness & Mutations

You have a pair of small horns on your head.
You are partially covered in razor-sharp scales. (AC +1, Slay +1)


Message History

A goblin comes into view. It is wielding a +0 club.
Robin throws the goblin at you!
The goblin shouts!
The goblin attacks as you move away! The goblin barely misses you.
The quokka attacks as you move away! The quokka closely misses you.
Robin laughs in a distinctly smug fashion.
Unknown command.
Robin says, "Bow before me, strongest of all the hobgoblins!"
Robin roars a battlecry!
The goblin goes into a battle-frenzy!
A goblin comes into view. It is wielding a +4 morningstar.
The quokka barely misses you.
Unknown command.
The kobold shouts!
You hit the quokka but do no damage.
The quokka is poisoned.
You headbutt the quokka.
You kill the quokka!
You hit the goblin.
The goblin is poisoned.
The goblin is heavily wounded.
The goblin barely misses you.
You barely miss the goblin.
The goblin is heavily wounded.
The goblin barely misses you.
You miss the goblin. Your headbutt misses the goblin.
The goblin is heavily wounded.
You kill the goblin!
You closely miss the goblin. You headbutt the goblin.
The goblin is severely wounded.
The goblin hits you with a +0 club.
You hit the goblin.
You kill the goblin!
Robin throws the goblin at you!
Unknown command.
You whack the goblin!
You kill the goblin!
The goblin completely misses you. The goblin attacks as you move away!
The goblin hits you with a +0 club. Robin throws the goblin at you!
The goblin hits you with a +4 morningstar!
You die...

#.#.#.# #.#.#g# #
##g#g#.# .# #
#.....g##.
##.#........
.....!..#..
......††#.#
#..#g######.#
..#.#....Kg@g...#
#.......#######.#
..^.>.#.#
.......#.#####
#..#.#.#.....#
#..###.)........
#. #######.### #


You could see Robin, 2 goblins and a kobold.

Vanquished Creatures
  An adder (D:2)
  A dart slug (D:1)
  3 ball pythons (D:1)
  A bat (D:1)
  4 endoplasms (D:1)
  7 goblins
  8 hobgoblins
  2 jackals (D:1)
  2 kobolds (D:1)
  3 quokkas
  A frilled lizard (D:1)
  2 rats (D:1)
35 creatures vanquished.

Notes
Turn   | Place    | Note
-------+----------+-------------------------------------------
     0 | D:1      | Newt the Demonspawn Gladiator began the quest for the Orb.
     0 | D:1      | Reached XP level 1. HP: 16/16 MP: 1/1
   178 | D:1      | Reached skill level 1 in Stealth
   352 | D:1      | Gained mutation: You have a pair of small horns on your
                  | head. [demonic ancestry]
   352 | D:1      | Reached XP level 2. HP: 20/22 MP: 2/2
  1077 | D:1      | Found a faded altar of an unknown god.
  1089 | D:1      | Gained mutation: You are partially covered in razor-sharp
                  | scales. (AC +1, Slay +1) [demonic ancestry]
  1089 | D:1      | Reached XP level 3. HP: 28/28 MP: 3/3
  1340 | D:2      | Reached skill level 3 in Fighting
  1348 | D:2      | Noticed Robin
  1361 | D:2      | Slain by a goblin

Illustrated notes

Levels and vault maps discovered:
D:1:      beargit_arrival_diablo_church, layout_basic,
          shapermc_ecumenical_altar_mp_urbaneastern, minmay_3d_cube
D:2:      layout_loops_ring, serial_shops, nicolae_square_shop, uniq_robin

Skill      XL: |  1  2  3 |
---------------+----------+-----
Stealth        | 1 2 |  2.0
Fighting       | 3 |  3.4
Short Blades   | |  2.6
Throwing       | |  1.7
Dodging        | |  2.6

Action                   || total
-------------------------++-------
Melee: Rapier            ||    36
       Whip              ||    45
       Headbutt          ||    14
       Punch             ||     3
  Use: Scroll            ||     2
 Stab: Sleeping          ||     4
Armor: Leather armour    ||    19
Dodge: Dodged            ||    54

Table legend: (Time is in decaauts)
 A = Elapsed time spent in this place.
 B = Non-inter-level travel time spent in this place.
 C = Inter-level travel time spent in this place.
 D = Time resting spent in this place.
 E = Time spent auto-exploring this place.
 F = Levels seen in this place.
 G = Mean time per level.
                   A        B        C        D        E       F      G
               +--------+--------+--------+--------+--------+-----+--------+
         Total |   1367 |   1342 |     25 |      0 |   1150 |   2 |  683.5 |
       Dungeon |   1367 |   1342 |     25 |      0 |   1150 |   2 |  683.5 |
               +--------+--------+--------+--------+--------+-----+--------+

Top non-repeatable levels by time:
     D:1: 1332 daAuts
     D:2: 34 daAuts
